[Event "Brasil Copel Telecom SESC 2018"]
[Site "Caioba Matinhos"]
[Date "2018.08.02"]
[Round "4"]
[White "Brito, Luismar"]
[Black "Cubas, Jose Fernando"]
[Result "0-1"]
[ECO "A03"]
[WhiteElo "2356"]
[BlackElo "2489"]
[Annotator "RC"]
[PlyCount "73"]
[EventDate "2018.08.01"]
[EventType "swiss"]
[EventCountry "BRA"]
[SourceTitle "playchess.com"]
[Source "ChessBase"]
[SourceQuality "1"]
[TimeControl "5400+30"]

1. b3 Nf6 2. Bb2 d5 3. e3 g6 4. f4 Bg7 5. Nf3 O-O 6. Bd3 c5 7. O-O Nc6 8. Nc3 a6 9. Qe1 b5 10. Qh4 c4 11. Be2 d4 12. exd4 Nxd4 13. Bd1 Bb7 14. Qe1 Bxf3 15. Bxf3 Nxc2 16. Qe2 Nxa1 17. Bxa8 Nxb3 18. axb3 Qb6+ 19. Kh1 Rxa8 20. bxc4 bxc4 21. Ba3 Rc8 22. Rb1 Qd4 23. Bxe7 Nh5 24. g3 Qd7 25. Ba3 Re8 26. Qxc4 Qxd2 27. Ne4 Qe3 28. Ng5 Qa7 29. Qc6 Rd8 30. Bc5 Qa8 31. Rb7 Rc8 32. Qd5 Rxc5 33. Qxf7+ Kh8 34. Qb3 h6 35. Kg1 Rb5 36. Rxb5 axb5 37. Qf7 0-1

[Event "Brasil Copel Telecom SESC 2018"]
[Site "Caioba Matinhos"]
[Date "2018.08.02"]
[Round "4"]
[White "Gauche, Charles"]
[Black "Martins, Carlos"]
[Result "0-1"]
[ECO "A04"]
[WhiteElo "2248"]
[BlackElo "2258"]
[Annotator "RC"]
[PlyCount "53"]
[EventDate "2018.08.01"]
[EventType "swiss"]
[EventCountry "BRA"]
[SourceTitle "playchess.com"]
[Source "ChessBase"]
[SourceQuality "1"]
[TimeControl "5400+30"]

1. Nf3 f5 2. e4 fxe4 3. Ng5 d5 4. d3 Qd6 5. dxe4 h6 6. Nf3 dxe4 7. Nd4 a6 8. Bc4 Nf6 9. Nc3 Bg4 10. Be2 Bxe2 11. Ndxe2 Nc6 12. Ng3 O-O-O 13. Be3 Qb4 14. Qc1 Qc4 15. Nge2 e5 16. b3 Qe6 17. O-O Nd4 18. Kh1 Bb4 19. a3 Bxc3 20. Nxc3 Qc6 21. Qb2 Rhf8 22. Rae1 Ng4 23. Bxd4 Rxd4 24. Re2 e3 25. f3 Nf2+ 26. Kg1 Rxf3 27. Ree1 0-1

[Event "Brasil Copel Telecom SESC 2018"]
[Site "Caioba Matinhos"]
[Date "2018.08.03"]
[Round "5"]
[White "Di Berardino, Diego Rafael"]
[Black "Filgueiras, Nathan Felipe"]
[Result "1-0"]
[ECO "B54"]
[WhiteElo "2528"]
[BlackElo "2140"]
[Annotator "RC"]
[PlyCount "79"]
[EventDate "2018.08.01"]
[EventType "swiss"]
[EventCountry "BRA"]
[SourceTitle "playchess.com"]
[Source "ChessBase"]
[SourceQuality "1"]
[TimeControl "5400+30"]

1. e4 c5 2. Nc3 Nc6 3. Nge2 d6 4. d4 cxd4 5. Nxd4 e5 6. Nf5 Bxf5 7. exf5 Nf6 8. g4 d5 9. Bg2 d4 10. Ne4 Bb4+ 11. Kf1 Nd5 12. a3 Be7 13. g5 Qc7 14. Bh3 Rd8 15. Qd3 g6 16. f6 Bd6 17. c4 Nf4 18. Bxf4 exf4 19. c5 Be5 20. Bg4 h5 21. gxh6 Rxh6 22. h4 Kf8 23. h5 g5 24. Nxg5 Bxf6 25. Nf3 Ne5 26. Nxe5 Qxe5 27. b4 Re8 28. Bf3 Re7 29. Rg1 Bg7 30. Rc1 Rhe6 31. b5 Qf6 32. c6 bxc6 33. bxc6 Rc7 34. Rb1 Qe5 35. Rb5 Qe1+ 36. Kg2 Qc3 37. Qf5 d3 38. Qd5 Bf6 39. Rb8+ Ke7 40. Qd8# {[%emt 0:00:35] Kf8 [%emt 00:01:53]} 1-0

[Event "Brasil Copel Telecom SESC 2018"]
[Site "Caioba Matinhos"]
[Date "2018.08.03"]
[Round "5"]
[White "Cubas, Jose Fernando"]
[Black "Carneiro, Vitor Roberto Castr"]
[Result "1-0"]
[ECO "B43"]
[WhiteElo "2489"]
[BlackElo "2429"]
[Annotator "ChessBase"]
[PlyCount "44"]
[EventDate "2018.08.01"]
[EventType "swiss"]
[EventCountry "BRA"]
[SourceTitle "playchess.com"]
[Source "ChessBase"]
[SourceQuality "1"]
[TimeControl "5400+30"]

1. e4 c5 2. Nf3 e6 3. d4 cxd4 4. Nxd4 a6 5. Nc3 Qc7 6. Be3 Nf6 7. f3 b5 8. Bd3 Bb7 9. O-O d5 10. exd5 Nxd5 11. Nxd5 Bxd5 12. Qd2 Bd6 13. h3 O-O 14. Ne2 Nd7 15. Kh1 Rac8 16. c3 Nf6 17. Bf4 e5 18. Be3 Bb7 19. Rad1 Rfd8 20. Qe1 Bc5 21. Bxc5 Qxc5 22. Ng3 Re8 1-0

[Event "Brasil Copel Telecom SESC 2018"]
[Site "Caioba Matinhos"]
[Date "2018.08.03"]
[Round "6"]
[White "Sunye Neto, Jaime"]
[Black "Garcia Palermo, Carlos"]
[Result "1/2-1/2"]
[ECO "D69"]
[WhiteElo "2488"]
[BlackElo "2390"]
[Annotator "RC"]
[PlyCount "36"]
[EventDate "2018.08.01"]
[EventType "swiss"]
[EventCountry "BRA"]
[SourceTitle "playchess.com"]
[Source "ChessBase"]
[SourceQuality "1"]
[TimeControl "5400+30"]

1. c4 e6 2. Nc3 d5 3. d4 Nf6 4. Nf3 Be7 5. Bg5 Nbd7 6. e3 O-O 7. Rc1 c6 8. Bd3 dxc4 9. Bxc4 Nd5 10. Bxe7 Qxe7 11. O-O Nxc3 12. Rxc3 e5 13. Nxe5 Nxe5 14. dxe5 Qxe5 15. Qc2 Bf5 16. Bd3 Bxd3 17. Rxd3 Rad8 18. b3 Qa5 1/2-1/2

[Event "Brasil Copel Telecom SESC 2018"]
[Site "Caioba Matinhos"]
[Date "2018.08.04"]
[Round "7"]
[White "Almiron, Antonio"]
[Black "Matsuura, Everaldo"]
[Result "1/2-1/2"]
[ECO "D11"]
[WhiteElo "2351"]
[BlackElo "2497"]
[Annotator "ChessBase"]
[PlyCount "52"]
[EventDate "2018.08.01"]
[EventType "swiss"]
[EventCountry "BRA"]
[SourceTitle "playchess.com"]
[Source "ChessBase"]
[SourceQuality "1"]
[TimeControl "5400+30"]

1. d4 d5 2. c4 c6 3. Nf3 Nf6 4. g3 Bf5 5. Nc3 e6 6. Nh4 Be4 7. f3 Bg6 8. Qb3 Qb6 9. Nxg6 hxg6 10. c5 Qc7 11. Bf4 Qc8 12. e4 Nh5 13. Ne2 Nxf4 14. Nxf4 Be7 15. Bd3 Nd7 16. e5 Qc7 17. Qc3 g5 18. Ne2 O-O-O 19. O-O Rh6 20. b4 Rdh8 21. Rf2 f6 22. exf6 Bxf6 23. b5 cxb5 24. Bxb5 Nb8 25. Qe3 Nc6 26. Bxc6 Qxc6 1/2-1/2

[Event "Brasil Copel Telecom SESC 2018"]
[Site "Caioba Matinhos"]
[Date "2018.08.04"]
[Round "8"]
[White "Umetsubo, Cesar Hidemitsu"]
[Black "Santiago, Yago De Moura"]
[Result "1/2-1/2"]
[ECO "D02"]
[WhiteElo "2404"]
[BlackElo "2460"]
[Annotator "ChessBase"]
[PlyCount "64"]
[EventDate "2018.08.01"]
[EventType "swiss"]
[EventCountry "BRA"]
[SourceTitle "playchess.com"]
[Source "ChessBase"]
[SourceQuality "1"]
[TimeControl "5400+30"]

1. d4 d5 2. Nf3 Nf6 3. Bf4 e6 4. e3 c5 5. c3 Nc6 6. Nbd2 cxd4 7. exd4 Nh5 8. Be3 Bd6 9. g3 O-O 10. Bd3 g6 11. O-O f6 12. c4 Ng7 13. Re1 Re8 14. Rc1 Nb4 15. Bb1 dxc4 16. Nxc4 Bf8 17. Bd2 Bd7 18. Qb3 a5 19. Ne3 a4 20. Qd1 Bc6 21. a3 Nd5 22. Ba2 Nxe3 23. Bxe3 Bd5 24. Bxd5 Qxd5 25. Nd2 Qb5 26. Ne4 Be7 27. Qe2 Qd7 28. Nc5 Bxc5 29. dxc5 Qc6 30. Rc4 Nf5 31. Bd2 Qd5 32. Rcc1 Ng7 1/2-1/2

[Event "Brasil Copel Telecom SESC 2018"]
[Site "Caioba Matinhos"]
[Date "2018.08.05"]
[Round "9"]
[White "Almiron, Antonio"]
[Black "Umetsubo, Cesar Hidemitsu"]
[Result "1/2-1/2"]
[ECO "A48"]
[WhiteElo "2351"]
[BlackElo "2404"]
[Annotator "NA"]
[PlyCount "95"]
[EventDate "2018.08.01"]
[EventType "swiss"]
[EventCountry "BRA"]
[SourceTitle "playchess.com"]
[Source "ChessBase"]
[SourceQuality "1"]
[TimeControl "5400+30"]

1. d4 d6 2. Nf3 Nf6 3. Bf4 g6 4. e3 Bg7 5. Be2 O-O 6. O-O c5 7. c3 Qb6 8. Qb3 Be6 9. Qa3 Rc8 10. Nbd2 Nc6 11. dxc5 Qxc5 12. Qxc5 dxc5 13. Ng5 Bd7 14. Bc4 Be8 15. h3 Rd8 16. Nb3 b6 17. Ba6 $11 Nd5 18. Bh2 e5 19. Nf3 f6 20. Rfd1 Nc7 21. Be2 Bf8 22. g4 Ne6 23. Bc4 Bf7 24. Ba6 Rab8 25. Bb5 Rbc8 26. Ba6 Rb8 27. Bb5 Rbc8 28. Ba6 Rxd1+ 29. Rxd1 Rd8 30. Rxd8 Nexd8 31. Nfd2 Be6 32. Kg2 Kf7 33. f4 e4 34. Nxe4 Bd5 35. Nbd2 f5 36. Bc4 Ne7 37. Bxd5+ Nxd5 38. Ng5+ Kg8 39. Kf2 Be7 40. Ngf3 Nf6 41. gxf5 gxf5 42. Bg3 Nb7 43. Bh4 Nd6 44. Ke2 Nd5 45. Bxe7 Nxe7 46. Kd3 Nd5 47. a3 Kf7 48. Ke2 1/2-1/2